 Dungeon Crawl Stone Soup version 0.20-a0-2-g2b0e13a (console) character file.

200 brucemayne the Ruffian (level 5, 0/50 HPs)
             Began as a Troll Monk on Oct 28, 2016.
             Was a Believer of Okawaru.
             Slain by an ogre
             ... wielding a +0 giant club
              (24 damage)
             ... on level 7 of the Dungeon.
             The game lasted 00:02:55 (600 turns).

brucemayne the Ruffian (Troll Monk)                  Turns: 600, Time: 00:02:55

Health: 0/50       AC:  7    Str: 19    XL:     5   Next: 48%
Magic:  4/4        EV:  8    Int:  6    God:    Okawaru [**....]
Gold:   67         SH:  0    Dex: 13    Spells: 0 memorised, 4 levels left

rFire  . . .     SeeInvis .       - Unarmed
rCold  . . .     Gourm    +     a - +0 robe
rNeg   + . .     Faith    .     (no shield)
rPois  .         Spirit   .     (helmet restricted)
rElec  .         Reflect  .     o - +1 cloak {+Inv}
rCorr  .         Harm     .     (gloves unavailable)
MR     .....                    (boots unavailable)
Stlth  ++........               (no amulet)
                                n - ring of positive energy
                                c - -2 ring of evasion (curse)

@: lethally poisoned (0 -> 0)
A: unfitting armour, claws 3, fast metabolism 3, gourmand, regeneration 1,
shaggy fur 1, tough skin 2
a: Heroism, Renounce Religion, Evoke Invisibility


You were on level 7 of the Dungeon.
You worshipped Okawaru.
Okawaru was pleased with you.
You were not hungry.

You visited 1 branch of the dungeon, and saw 7 of its levels.

You collected 67 gold pieces.

Inventory:

Hand Weapons
 d - a +0 flail
Armour
 a - a +0 robe (worn)
 o - a +1 cloak of invisibility (worn)
Jewellery
 c - a cursed -2 ring of evasion (left claw)
 l - a +4 ring of intelligence
 n - a ring of positive energy (right claw)
Wands
 f - a wand of flame (23/48)
Scrolls
 h - 3 scrolls of teleportation
 i - 3 scrolls of identify
Potions
 e - a potion of berserk rage
 j - a potion of heal wounds {unknown}
 k - a potion of agility {unknown}
 m - a potion of curing {unknown}
Comestibles
 b - 3 bread rations
 g - a slice of pizza
 p - a meat ration
 q - a beef jerky
 r - 2 chunks of flesh


   Skills:
 - Level 2.4 Fighting
 - Level 2.4 Dodging
 - Level 1.0 Stealth
 + Level 6.2 Unarmed Combat


You had 4 spell levels left.
You didn't know any spells.

Dungeon Overview and Level Annotations

Branches:
Dungeon (7/15)
 Temple: D:4-7

Altars:
Dithmenos
Gozag
Okawaru
Vehumet


Innate Abilities, Weirdness & Mutations

You are too large for most types of armour.
You have claws for hands.
Your metabolism is lightning-fast.
You like to eat raw meat.
Your natural rate of healing is unusually fast.
You are covered in fur. (AC +1)
You have very tough skin. (AC +2)


Message History

You kill the howler monkey!
Okawaru accepts your kill.
Your Unarmed Combat skill increases to level 6!
You feel sick.
You feel sick.
You see here a howler monkey corpse.
No target in view!
You feel sick.
You see here a howler monkey corpse.
You butcher the howler monkey corpse.
You feel sick.
r - 2 chunks of flesh You see here a howler monkey skeleton.
You feel sick.
You feel sick.
You enter a teleport trap!
The teleport trap disappears.
Your surroundings suddenly seem different.
A leopard gecko and an ogre come into view.
The ogre shouts!
You feel sick. The ogre hits you with a giant club!!
You die...

..... # #..
###. #..
....#######
#..
...l......#
#..
..........#
#..
..........#
#..
..........#
#..
.......@..#
#..
........O.#
#...
..........#
#...
..........#
#...
..........#
##.###....#
#. #....# #
#....#


You could see an ogre and a leopard gecko.

Vanquished Creatures
  A scorpion (D:7)
  2 howler monkeys
  A worker ant (D:7)
  3 adders
  A leopard gecko (D:1)
  3 orcs (D:4)
  A ball python (D:6)
  A giant cockroach (D:3)
  A goblin (D:7)
  3 hobgoblins
  2 jackals (D:1)
  2 kobolds (D:1)
  A quokka (D:6)
  A jackal zombie (D:7)
  A rat (D:2)
24 creatures vanquished.

Notes
Turn   | Place    | Note
-------+----------+-------------------------------------------
     0 | D:1      | brucemayne the Troll Monk began the quest for the Orb.
     0 | D:1      | Reached XP level 1. HP: 22/22 MP: 0/0
    48 | D:2      | Found a shadowy altar of Dithmenos.
    56 | D:2      | Reached XP level 2. HP: 15/29 MP: 1/1
    88 | D:1      | Reached skill level 4 in Unarmed Combat
   176 | D:3      | Reached XP level 3. HP: 36/36 MP: 2/2
   242 | D:4      | Found an opulent altar of Gozag.
   315 | D:5      | Entered Level 5 of the Dungeon
   374 | D:6      | Found an iron altar of Okawaru.
   380 | D:6      | Became a worshipper of Warmaster Okawaru
   380 | D:6      | Reached * piety under Okawaru
   380 | D:6      | Reached ** piety under Okawaru
   414 | D:6      | Reached skill level 5 in Unarmed Combat
   414 | D:6      | Reached XP level 4. HP: 38/44 MP: 3/3
   568 | D:7      | Found a radiant altar of Vehumet.
   585 | D:7      | Reached XP level 5. HP: 34/50 MP: 4/4
   590 | D:7      | Reached skill level 6 in Unarmed Combat
   599 | D:7      | Noticed an ogre
   600 | D:7      | Slain by an ogre

Vault maps used:
D:1:      dpeg_arrival_rooms_with_view
D:2:      nicolae_dithmenos_shadow_blocks
D:3:      zin_purify, serial_park_tiny_1, kennysheep_generic_room_13,
          uniq_jessica
D:4:      lemuel_coloured_pillars_altar, grunt_gozag_statues, first_bread
D:5:      serial_co_window_serial, co_window_corner_a, co_window_paths_a,
          co_window_paths_a, co_window_corner_a, co_window_paths_a,
          co_window_corner_a, co_window_of_opportunity_b, co_window_broadway_a,
          co_window_unsneaky_path_b, co_window_of_opportunity_b,
          co_window_2corner, co_window_of_opportunity_b, co_window_paths_c,
          co_window_4corner_a, co_window_4corner_b, glass_columns_c,
          glass_columns_c, glass_columns_b, glass_columns_b, basic_altar,
          eino_small_chamber_without_monster, uniq_blork_the_orc
D:6:      okawaru_gym_becter, kennysheep_mini
D:7:      nicolae_overflow_hidden_temple, lemuel_doored_altar,
          vehumet_altar_wand_db

Skill      XL: |  1  2  3  4  5 |
---------------+----------------+-----
Unarmed Combat | 4 5 6 |  6.2
Fighting       | |  2.4
Dodging        | |  2.4
Stealth        | |  1.0

Action                   |  1- 3 |  4- 6 || total
-------------------------+-------+-------++-------
Melee: Unarmed           |    41 |    25 ||    66
       Punch             |     1 |     3 ||     4
  Use: Scroll            |     4 |     1 ||     5
 Stab: Sleeping          |     1 |       ||     1
  Eat: Meat ration       |       |     1 ||     1
Armor: Robe              |    13 |     5 ||    18
Dodge: Dodged            |    11 |     3 ||    14
